 Dungeon Crawl Stone Soup version 0.31-a0-851-g7ff8af7976 (webtiles) character file.

Game seed: 9443528672317128065

95 Anonimas the Slasher (level 4, -1/38 HPs)
             Began as a Gnoll Reaver on Oct 7, 2023.
             Was a Follower of Qazlal.
             Killed by nerve-wracking pain
             ... invoked by Grinder
              (13 damage)
             ... on level 3 of the Dungeon.
             The game lasted 00:07:33 (2377 turns).

Anonimas the Slasher (Gnoll Reaver)                 Turns: 2377, Time: 00:07:33

Health: -1/38      AC:  6    Str: 14    XL:     4   Next: 66%
Magic:  9/11       EV: 11    Int: 12    God:    Qazlal [*.....]
Gold:   155        SH:  2    Dex: 10    Spells: 10/13 levels left

rFire   . . .        a - +0 falchion
rCold   . . .        (no shield)
rNeg    . . .        k - +0 ring mail
rPois   +            (no helmet)
rElec   .            (no cloak)
rCorr   .            (no gloves)
SInv    .            n - +0 pair of boots
Will    .....        (no amulet)
Stlth   +            i - ring of poison resistance
HPRegen 0.26/turn    (no ring)
MPRegen 0.12/turn

%: no passive effects
@: very slightly contaminated
A: fangs 1, strong nose, distributed training
a: Renounce Religion


You were on level 3 of the Dungeon.
You worshipped Qazlal.
Qazlal was aware of your devotion.
You visited 1 branch of the dungeon, and saw 3 of its levels.

You collected 155 gold pieces.

Inventory:

Hand Weapons
 a - a +0 falchion (weapon)
Missiles
 j - 6 boomerangs (quivered)
Armour
 k - a +0 ring mail (worn)
 n - a +0 pair of boots (worn)
Jewellery
 h - a ring of fire
 i - a ring of poison resistance (left hand)
Talismans
 q - a flux talisman
 t - a serpent talisman
Scrolls
 e - a scroll of fog
 f - a scroll of identify
 m - a scroll of teleportation {unknown}
 o - a scroll of noise {unknown}
 r - a scroll of fear {unknown}
 s - a scroll of blinking {unknown}
Potions
 b - a potion of brilliance {unknown}
 c - 2 potions of mutation
 d - 2 potions of heal wounds {unknown}
 g - a potion of might {unknown}
 l - a potion of lignification {unknown}
 p - a potion of attraction {unknown}


   Skills:
 + Level 4.7 Fighting
 + Level 1.2 Short Blades
 + Level 6.6 Long Blades
 + Level 1.2 Axes
 + Level 1.2 Maces & Flails
 + Level 1.2 Polearms
 + Level 1.2 Staves
 + Level 1.2 Ranged Weapons
 + Level 1.2 Throwing
 + Level 1.2 Armour
 + Level 4.7 Dodging
 + Level 1.2 Stealth
 + Level 1.2 Shields
 + Level 1.2 Unarmed Combat
 + Level 5.1 Spellcasting
 + Level 5.5 Conjurations
 + Level 1.0 Hexes
 + Level 1.0 Summonings
 + Level 1.0 Necromancy
 + Level 1.0 Translocations
 + Level 1.0 Transmutations
 + Level 1.0 Fire Magic
 + Level 1.0 Ice Magic
 + Level 1.0 Air Magic
 + Level 1.0 Earth Magic
 + Level 1.0 Poison Magic
 + Level 1.3 Invocations
 + Level 1.2 Evocations
 + Level 1.1 Shapeshifting


You had 10 spell levels left.
You knew the following spells:

 Your Spells              Type           Power      Damage    Failure   Level
a - Kiss of Death         Conj/Necr      40%        2d8       11%         1
b - Momentum Strike       Conj/Tloc      20%        3d8       16%         2

Your spell library contained the following spells:

 Spells                   Type           Power      Damage    Failure   Level
 Dazzling Flash           Conj/Hex       20%        N/A       32%         3
 Hailstorm                Conj/Ice       10%        3d5       32%         3
 Volatile Blastmotes      Fire/Tloc      10%        2d10      63%         3
 Starburst                Conj/Fire      5%         6d4       100%        6
 Maxwell's Capacitive Co  Air            2%         ∞         100%        8


Dungeon Overview and Level Annotations

Branches:
Dungeon (3/15)

Altars:
Dithmenos
Qazlal

Annotations:
D:3 Grinder


Innate Abilities, Weirdness & Mutations

You have very sharp teeth.
Your uncanny sense of smell can sniff out nearby items.
Your experience applies equally to all skills.


Message History

Qazlal accepts your kill.
No target in view!
You hear an angry hiss.
A frilled lizard comes into view.
You closely miss the frilled lizard. You bite the frilled lizard.
You kill the frilled lizard!
Qazlal accepts your kill.
No target in view!
No target in view!
You see here a frilled lizard corpse.
You open the door.
Grinder comes into view.
Grinder gestures at you. You resist with significant effort.
Casting: Momentum Strike (safe; 16% risk of failure)
Confirm with . or Enter, or press ? or * to list all spells.
Aiming: Momentum Strike (safe; 16% risk of failure)
Press: ? - help, Dir - move target, f - Grinder
Aim: Grinder (64% to hit)
You miscast Momentum Strike.
You are very lightly contaminated with residual magic.
Nothing appears to happen.
You closely miss Grinder. You bite Grinder, but do no damage.
You barely miss Grinder. Grinder misses you.
You closely miss Grinder. Grinder hits you.
You writhe in agony.
You slash Grinder!
Grinder is moderately wounded.
Grinder hits you!
You writhe in agony.
You hit Grinder but do no damage.
Grinder is lightly wounded.
Grinder hits you.
You writhe in agony.
As you read the scroll labelled LOHAZX KIKOBIM, it dissolves into smoke.
It was a scroll of fog.
Grinder hits you.
You writhe in agony.
As you read the scroll labelled SIUGUE MILE, it crumbles to dust.
It is a scroll of identify.
c - 2 potions of mutation Grinder gestures at you.
Pain shoots through your body!
You die...
Grinder says, "Now the real fun starts!"

.#..........##...#........#.#####
.####.#.#)...+...#........#<.....
......#.#.####...#........##..)..
#####.#.#.# +............##.....
##....#.#.# #..........########.
#.....+.#.# #...#.#####......#..
#.....###.# #####.# #......#..
#.....# #.#.####§§§#####........#
#.....# #.#....5@§§....+........#
#.##### #.######§§§#####.......##
..# #.......§§§.............. ..#
##....#........####...### ..#
#....#....###......### #.#
#....+....'.....>### #.#
#....#....######## #.#
#....####..## ..# #....# ##..##


You could see Grinder.

Vanquished Creatures
  4 adders
  2 worms
  3 dart slugs
  An orc (D:3)
  8 bats
  2 endoplasms
  5 giant cockroaches
  A hobgoblin (D:1)
  A jackal (D:2)
  5 kobolds
  A quokka (D:1)
  8 ball pythons
  2 frilled lizards
  3 goblins
  3 rats
49 creatures vanquished.

Notes
Turn   | Place    | Note
-------+----------+-------------------------------------------
     0 | D:1      | Anonimas the Gnoll Reaver began the quest for the Orb.
     0 | D:1      | Reached XP level 1. HP: 20/20 MP: 6/6
   272 | D:1      | Reached XP level 2. HP: 24/25 MP: 7/7
   456 | D:1      | Learned a level 2 spell: Momentum Strike
   822 | D:1      | Reached XP level 3. HP: 29/31 MP: 9/9
   852 | D:1      | Reached skill level 5 in Spellcasting
   881 | D:1      | Found a faded altar of an unknown god.
   888 | D:1      | Prayed at the altar of an unknown god.
   888 | D:1      | Became a worshipper of Qazlal Stormbringer
   888 | D:1      | Reached * piety under Qazlal
  1285 | D:2      | Reached skill level 1 in Invocations
  1420 | D:2      | Reached skill level 1 in Short Blades
  1420 | D:2      | Reached skill level 1 in Axes
  1420 | D:2      | Reached skill level 1 in Maces & Flails
  1420 | D:2      | Reached skill level 1 in Polearms
  1420 | D:2      | Reached skill level 1 in Staves
  1420 | D:2      | Reached skill level 1 in Ranged Weapons
  1420 | D:2      | Reached skill level 1 in Throwing
  1420 | D:2      | Reached skill level 1 in Armour
  1420 | D:2      | Reached skill level 1 in Stealth
  1420 | D:2      | Reached skill level 1 in Shields
  1420 | D:2      | Reached skill level 1 in Unarmed Combat
  1420 | D:2      | Reached skill level 1 in Evocations
  1590 | D:3      | Reached XP level 4. HP: 38/38 MP: 11/11
  1625 | D:3      | Reached skill level 1 in Shapeshifting
  1708 | D:3      | Found a shadowy altar of Dithmenos.
  1777 | D:3      | Reached skill level 1 in Hexes
  1777 | D:3      | Reached skill level 1 in Summonings
  1777 | D:3      | Reached skill level 1 in Necromancy
  1777 | D:3      | Reached skill level 1 in Translocations
  1777 | D:3      | Reached skill level 1 in Transmutations
  1777 | D:3      | Reached skill level 1 in Fire Magic
  1777 | D:3      | Reached skill level 1 in Ice Magic
  1777 | D:3      | Reached skill level 1 in Air Magic
  1777 | D:3      | Reached skill level 1 in Earth Magic
  1777 | D:3      | Reached skill level 1 in Poison Magic
  2369 | D:3      | Noticed Grinder
  2377 | D:3      | Killed from afar by Grinder

Illustrated notes

Levels and vault maps discovered:
D:1:      eino_arrival_tree_alley, layout_basic,
          dilly_ecumenical_altar_fadedgnrine
D:2:      kb_forest_paths, layout_loops_ring, nrook_mini_vaults
D:3:      layout_basic, mainiacjoe_overflow_brackets, uniq_grinder

Skill      XL: |  1  2  3  4 |
---------------+-------------+-----
Spellcasting   | 5 |  5.1
Invocations    | 1 |  1.3
Short Blades   | 1 |  1.2
Axes           | 1 |  1.2
Maces & Flails | 1 |  1.2
Polearms       | 1 |  1.2
Staves         | 1 |  1.2
Ranged Weapons | 1 |  1.2
Throwing       | 1 |  1.2
Armour         | 1 |  1.2
Stealth        | 1 |  1.2
Shields        | 1 |  1.2
Unarmed Combat | 1 |  1.2
Evocations     | 1 |  1.2
Shapeshifting  | 1 |  1.1
Hexes          | 1 |  1.0
Summonings     | 1 |  1.0
Necromancy     | 1 |  1.0
Translocations | 1 |  1.0
Transmutations | 1 |  1.0
Fire Magic     | 1 |  1.0
Ice Magic      | 1 |  1.0
Air Magic      | 1 |  1.0
Earth Magic    | 1 |  1.0
Poison Magic   | 1 |  1.0
Fighting       | |  4.7
Long Blades    | |  6.6
Dodging        | |  4.7
Conjurations   | |  5.5

Action                     |  1- 3 |  4- 6 || total
---------------------------+-------+-------++-------
  Melee: Falchion          |   116 |    42 ||   158
         Bite              |     7 |     3 ||    10
         Punch             |     2 |       ||     2
   Cast: Kiss of Death     |     1 |       ||     1
         Momentum Strike   |     2 |       ||     2
    Use: Scroll            |       |     2 ||     2
 Armour: Leather armour    |    13 |       ||    13
         Ring mail         |    59 |    25 ||    84
         Skin              |     3 |       ||     3
  Dodge: Dodged            |    65 |    19 ||    84
  Block: Other             |     2 |     1 ||     3

Table legend: (Time is in decaauts)
 A = Elapsed time spent in this place.
 B = Non-inter-level travel time spent in this place.
 C = Inter-level travel time spent in this place.
 D = Time resting spent in this place.
 E = Time spent auto-exploring this place.
 F = Levels seen in this place.
 G = Mean time per level.
                   A        B        C        D        E       F      G
               +--------+--------+--------+--------+--------+-----+--------+
         Total |   2372 |   2359 |     13 |     45 |   1932 |   3 |  790.7 |
       Dungeon |   2372 |   2359 |     13 |     45 |   1932 |   3 |  790.7 |
               +--------+--------+--------+--------+--------+-----+--------+

Top non-repeatable levels by time:
     D:1: 961 daAuts
     D:3: 789 daAuts
     D:2: 621 daAuts
